Map: Ruins of Seras

Players

MorN - Winner!

  • Race: Terran Terran
  • League: Master

Limbic

  • Race: Protoss Protoss
  • League: Diamond

VOD

Have the link to the VOD?

Description

Time

  • Played on: Nov. 21, 2015, 9:19 p.m.
  • Length: 13:20
Show
View Real Time Build Order
Export as new Build Order

MorN Terran - Winner!

Build Orders: MMM Bio 

Get SALT Encoding   

  12  0:00  SCV  
  13  0:12  SCV  
  14  0:18  Supply Depot  
  14  0:24  SCV  
  15  0:39  SCV  
  15  0:40  Barracks  
  16  0:46  Refinery  
  16  0:51  SCV  
  17  1:04  SCV  
  18  1:17  SCV  
  19  1:30  Marine  
  20  1:37  Orbital Command  
  20  1:44  Command Center  
  20  1:55  Factory  
  20  1:59  Marine  
  21  2:05  Supply Depot  
  21  2:10  SCV  
  22  2:17  Marine  
  23  2:26  SCV  
  24  2:36  Marine  
  25  2:39  SCV, Barracks  
  25  2:40  Factory Tech Lab  
  26  2:51  SCV  
  27  2:54  Marine  
  27  2:58  Orbital Command  
  27  3:01  Cyclone  
  27  3:03  SCV  
  31  3:13  Marine  
  31  3:16  SCV  
  31  3:17  Refinery  
  31  3:19  Engineering Bay  
  33  3:25  SCV  
  34  3:40  Stimpack, Marine  
  34  3:41  SCV, Marine  
  36  3:45  SCV  
  36  3:47  Missile Turret  
  38  3:50  Factory Reactor  
  38  3:53  SCV  
  38  3:55  Barracks  
  39  3:58  SCV  
  40  4:05  SCV  
  41  4:19  Barracks Tech Lab  
  41  4:20  SCV  
  41  4:22  SCV  
  41  4:23  Refinery  
  40  4:28  Command Center  
  40  4:32  Marauder  
  40  4:33  SCV  
  40  4:36  SCV  
  40  4:37  Supply Depot  
  40  4:38  Factory Reactor  
  44  4:46  SCV  
  44  4:48  Marine  
  44  4:49  Combat Shields  
  46  4:55  Starport  
  46  4:59  SCV, Marine  
  48  5:00  SCV  
  48  5:01  Terran Infantry Weapons Level 1  
  49  5:08  Bunker, Marine  
  49  5:09  Marine  
  49  5:11  SCV  
  49  5:12  SCV  
  53  5:22  Supply Depot  
  53  5:23  SCV  
  53  5:26  Supply Depot  
  54  5:29  Factory Reactor  
  54  5:37  Refinery  
  54  5:40  SCV x2  
  54  5:41  Orbital Command  
  54  5:42  Medivac x2  
  58  5:45  Marauder, Marine  
  63  5:51  Supply Depot, Marine  
  63  5:52  SCV x2  
  66  6:03  Marine  
  66  6:04  SCV x2, Marauder  
  71  6:12  Widow Mine x2  
  71  6:16  Orbital Command  
  75  6:24  Marine x2  
  75  6:25  Marauder  
  79  6:28  Barracks  
  79  6:29  Barracks, Marine  
  79  6:31  Medivac x2  
  84  6:41  Marine  
  84  6:42  Marine  
  84  6:46  Marauder  
  76  6:55  Marauder  
  76  6:56  SCV x2  
  76  6:59  Marine x2  
  82  7:03  Medivac x2  
  82  7:07  SCV, Marauder  
  82  7:08  SCV  
  90  7:11  Terran Infantry Armor Level 1  
  90  7:14  Armory, Widow Mine  
  92  7:16  Marine  
  92  7:20  Supply Depot  
  92  7:21  Widow Mine  
  92  7:22  SCV, Supply Depot, Marine  
  97  7:23  Supply Depot  
  97  7:24  SCV  
  97  7:25  Refinery  
  97  7:27  Marine x2  
  100  7:35  Marauder  
  100  7:36  Marauder  
  100  7:40  Marine  
  100  7:42  Barracks Tech Lab  
  100  7:43  SCV  
  98  7:45  SCV x2, Marine  
  98  7:47  Barracks Reactor  
  101  7:51  Medivac  
  101  7:52  Medivac  
  101  7:55  SCV  
  101  7:56  Marauder  
  101  7:57  SCV, Engineering Bay, Marine  
  101  7:58  Marauder  
  112  8:03  Marine x2  
  112  8:04  SCV  
  115  8:06  Supply Depot  
  115  8:07  SCV  
  115  8:12  Terran Vehicle Weapons Level 1  
  116  8:13  SCV  
  116  8:15  Marine  
  116  8:16  SCV  
  116  8:18  Marine, Liberator x2, Marauder  
  122  8:21  Marauder, Marine  
  122  8:33  Marine x3  
  116  8:37  Marauder  
  116  8:39  Marine x2  
  125  8:42  Marauder  
  125  8:47  Concussive Shells  
  121  8:51  Marine x2  
  121  8:54  Marine  
  122  8:55  Widow Mine  
  122  8:56  Marine, Widow Mine  
  122  8:57  Marauder  
  122  8:58  Marauder  
  122  9:01  Liberator x2  
  121  9:04  Marauder  
  121  9:09  Marine x2  
  106  9:14  Marine x2  
  89  9:18  Marauder  
  89  9:19  Marauder  
  98  9:25  Marauder  
  98  9:26  Marine  
  98  9:27  Marine  
  101  9:32  Marine x2  
  101  9:38  Terran Infantry Weapons Level 2  
  103  9:39  Supply Depot  
  103  9:40  Supply Depot, Marauder  
  103  9:41  Marauder  
  103  9:43  Liberator  
  103  9:44  Marine x2, Terran Infantry Armor Level 2, Liberator  
  109  9:46  Marine  
  106  10:01  Marauder  
  110  10:07  Marine x3  
  109  10:20  Marine x3  
  110  10:23  Marauder  
  110  10:25  Marine  
  113  10:32  Marine  
  113  10:36  Widow Mine  
  113  10:39  Marauder x2  
  113  10:40  Orbital Command  
  118  10:46  Marine x2  
  118  10:47  Marauder  
  112  11:12  Marine x3  
  112  11:13  Marauder x2  
  112  11:18  Marine x2  
  121  11:19  SCV x2  
  106  11:30  Marine x3  
  107  11:34  Marauder, Marine  
  107  11:35  Marine  
  107  11:36  Marauder  
  113  11:41  Sensor Tower  
  113  11:45  Medivac  
  113  11:46  Medivac  
  117  11:48  Marine x3  
  117  11:52  Marauder  
  117  11:53  Marine  
  113  11:55  Marine  
  113  11:56  SCV  
  113  11:57  Marine  
  116  12:05  Marine  
  116  12:06  Marine  
  116  12:07  Marine  
  115  12:11  Marine  
  115  12:13  Marauder, Marine  
  115  12:15  Marine  
  103  12:19  Medivac x2  
  97  12:23  Marine x2  
  97  12:25  Marine  
  97  12:29  Marine  
  95  12:32  Marauder  
  95  12:33  Marauder  
  95  12:34  Marine  
  97  12:41  Marine x2  
  95  12:49  Marine  
  95  12:50  Marine  
  102  12:52  Marine  
  102  12:53  Marauder  
  102  12:55  Marauder  
  102  12:56  SCV x2  
  109  12:59  Marine x2  
Show
View Real Time Build Order
Export as new Build Order

Limbic Protoss 

Build Orders: Double Forge, Zealot Archon 

Get SALT Encoding   

  12  0:01  Probe (Chrono Boost)  
  13  0:11  Probe (Chrono Boost)  
  14  0:18  Pylon  
  14  0:23  Probe (Chrono Boost)  
  15  0:36  Probe (Chrono Boost)  
  15  0:38  Gateway  
  16  0:47  Assimilator  
  16  0:49  Assimilator  
  16  0:54  Probe (Chrono Boost)  
  17  1:04  Probe (Chrono Boost)  
  17  1:06  Pylon  
  18  1:16  Probe (Chrono Boost)  
  19  1:26  Probe (Chrono Boost)  
  19  1:27  Cybernetics Core  
  20  1:37  Probe (Chrono Boost)  
  21  1:47  Probe (Chrono Boost)  
  22  1:58  Probe (Chrono Boost)  
  23  2:04  Adept, Warp Gate  
  27  2:09  Mothership Core (Chrono Boost)  
  27  2:19  Nexus  
  27  2:26  Pylon  
  27  2:29  Probe (Chrono Boost)  
  28  2:39  Probe (Chrono Boost)  
  29  2:53  Forge  
  29  2:54  Forge  
  29  2:55  Probe (Chrono Boost)  
  30  3:06  Probe (Chrono Boost)  
  31  3:16  Probe (Chrono Boost)  
  32  3:21  Gateway  
  32  3:22  Gateway  
  32  3:31  Protoss Ground Weapons Level 1, Protoss Ground Armor Level 1  
  32  3:38  Probe x2 (Chrono Boost)  
  34  3:45  Pylon  
  34  3:50  Probe (Chrono Boost)  
  34  3:51  Probe (Chrono Boost)  
  36  3:58  Twilight Council  
  36  4:01  Probe (Chrono Boost)  
  36  4:02  Probe (Chrono Boost)  
  35  4:15  Probe x2 (Chrono Boost)  
  36  4:25  Probe x2 (Chrono Boost)  
  36  4:29  Sentry x2, Pylon  
  42  4:31  Pylon  
  42  4:34  Stalker  
  42  4:35  Pylon  
  45  4:38  Probe x2 (Chrono Boost)  
  45  4:44  Blink (Chrono Boost)  
  46  4:49  Probe x2 (Chrono Boost)  
  48  4:54  Assimilator  
  48  4:56  Assimilator  
  48  5:01  Probe x2 (Chrono Boost)  
  50  5:14  Gateway  
  50  5:15  Gateway  
  50  5:16  Gateway  
  50  5:17  Probe x2 (Chrono Boost)  
  52  5:21  Phoenix  
  52  5:23  Gateway  
  52  5:31  Gateway  
  52  5:35  Protoss Ground Weapons Level 2 (Chrono Boost)  
  52  5:36  Protoss Ground Armor Level 2 (Chrono Boost)  
  52  5:42  Pylon  
  52  5:50  Stalker x2  
  52  5:53  Stalker  
  58  5:58  Probe  
  58  6:03  Pylon  
  59  6:13  Adept  
  59  6:14  Adept  
  59  6:16  Adept  
  65  6:27  Robotics Facility  
  65  6:29  Adept x3  
  65  6:31  Resonating Glaives  
  65  6:32  Adept  
  73  6:36  Adept  
  75  6:44  Stalker  
  72  6:57  Probe  
  72  6:58  Probe  
  74  7:07  Pylon  
  74  7:09  Photon Cannon  
  74  7:15  Templar Archives  
  74  7:20  Observer (Chrono Boost)  
  74  7:21  Sentry x2  
  74  7:22  Sentry  
  81  7:37  Zealot x5  
  80  7:39  Probe  
  80  7:40  Probe  
  87  7:46  Warp Prism (Chrono Boost)  
  89  7:53  Probe x2  
  89  7:54  High Templar x2  
  89  7:58  High Templar x2  
  97  7:59  Archon  
  97  8:02  Archon  
  99  8:12  Probe  
  100  8:16  Adept  
  100  8:17  Adept x2  
  100  8:18  Adept  
  95  8:37  Stalker x4  
  95  8:38  Stalker  
  105  8:45  Observer  
  89  9:12  Zealot  
  89  9:13  Zealot x5  
  89  9:14  Zealot x2  
  97  9:24  Observer  
  98  9:28  Charge  
  98  9:31  High Templar x2  
  98  9:36  Archon  
  98  9:38  Stalker  
  104  9:39  Stalker  
  104  9:41  Zealot x2  
  98  9:57  Sentry  
  98  9:59  Zealot x3  
  98  10:16  Warp Prism  
  100  10:23  High Templar x2  
  100  10:24  Zealot x3  
  100  10:28  Nexus  
  110  10:29  Archon  
  110  10:31  Pylon  
  108  10:39  Sentry  
  98  10:53  Observer  
  91  11:01  Stalker x4  
  91  11:02  Stalker x2, Pylon  
  83  11:30  High Templar x2  
  83  11:31  Zealot  
  83  11:32  Zealot x5  
  99  11:37  Assimilator  
  99  11:38  Archon  
  99  11:40  Assimilator  
  99  11:44  Probe  
  99  11:46  Probe x2  
  102  11:55  High Templar x2  
  102  11:59  Archon  
  68  12:17  Zealot x2  
  68  12:18  Zealot x4  
  64  12:24  Probe  
  64  12:26  Probe x2  
  67  12:30  High Templar  
  67  12:31  High Templar  
  67  12:35  Immortal, Archon  
  69  12:38  Probe  
  69  12:39  Stalker  
  70  12:51  Probe  
  64  12:52  Probe x2  
  64  12:56  Dark Shrine  
  67  13:02  Zealot  
  67  13:03  Zealot x2  
  67  13:04  Zealot  
  69  13:12  Pylon  
  69  13:13  Stalker  
  69  13:15  Pylon  
Tags
 
Add a new tag
Caveats
  • Supply blocks, unpowered buildings, or Contaminate may cause inaccurate times.
  • Supply counts are checked every 10 seconds.